 Dungeon Crawl Stone Soup version 0.29.0-7-g18a832c13a (webtiles) character file.

Game seed: 1233990473520982875

796 LabCoat the Cleaver (level 7, -1/61 HPs)
             Began as a Hill Orc Fighter on Aug 31, 2022.
             Slain by Pikel
             ... wielding a +2 whip of flaming
              (5 damage)
             ... on level 5 of the Dungeon.
             The game lasted 00:15:51 (4816 turns).

LabCoat the Cleaver (Hill Orc Fighter)              Turns: 4816, Time: 00:15:51

Health: -1/61      AC:  7    Str: 21    XL:     7   Next: 89%
Magic:  7/7        EV:  9    Int:  8    God:
Gold:   152        SH:  4    Dex: 10    Spells: 6/6 levels left

rFire   . . .      SeeInvis .   a - +1 war axe
rCold   . . .      Faith    .   c - +0 buckler
rNeg    + . .      Spirit   .   b - +0 scale mail
rPois   .          Reflect  .   (no helmet)
rElec   .          Harm     .   (no cloak)
rCorr   .          Rampage  .   (no gloves)
Will    .....                   (no boots)
Stlth   ..........              (no amulet)
HPRegen 0.20/turn               f - ring of positive energy
MPRegen 0.10/turn               (no ring)

@: mighty
A: no striking features
a: no special abilities


You were on level 5 of the Dungeon.
You visited 1 branch of the dungeon, and saw 5 of its levels.

You collected 152 gold pieces.

Inventory:

Hand Weapons
 a - a +1 war axe (weapon)
 p - a +0 flail
Missiles
 e - 3 boomerangs (quivered)
 q - 2 silver javelins
 s - 6 poisoned darts
Armour
 b - a +0 scale mail (worn)
 c - a +0 buckler (worn)
Jewellery
 f - a ring of positive energy (left hand)
Wands
 v - a wand of paralysis (4)
Scrolls
 j - 3 scrolls of blinking
 m - 2 scrolls of teleportation
 r - a scroll of enchant weapon
 u - a scroll of fear {unknown}
Potions
 g - a potion of lignification
 k - 2 potions of curing
 l - a potion of flight
 n - a potion of magic
 o - a potion of cancellation
 t - a potion of ambrosia {unknown}


   Skills:
 + Level 5.5 Fighting
 * Level 8.2 Axes
 + Level 2.0 Throwing
 + Level 4.9 Armour
 + Level 0.8 Dodging
 + Level 4.0 Shields
 + Level 0.5 Evocations


You had 6 spell levels left.
You didn't know any spells.
Your spell library contained the following spells:

 Spells                   Type           Power      Damage    Failure   Level
 Magic Dart               Conj           0%         1d3       83%         1
 Call Imp                 Summ           0%         N/A       92%         2
 Sublimation of Blood     Necr           0%         N/A       92%         2
 Wereblood                Tmut           0%         N/A       92%         2
 Conjure Flame            Conj/Fire      0%         6-21      99%         3
 Ignite Poison            Fire/Tmut/Pois 0%         N/A       99%         3
 Mephitic Cloud           Conj/Pois/Air  0%         N/A       99%         3
 Sticky Flame             Conj/Fire      0%         2d3       100%        4
 Iskenderun's Battlesphe  Conj           0%         2d6       100%        5
 Iron Shot                Conj/Erth      0%         9d1       100%        6
 Spellforged Servitor     Conj/Summ      0%         N/A       100%        7
 Summon Hydra             Summ           0%         N/A       100%        7


Dungeon Overview and Level Annotations

Branches:
Dungeon (5/15)
 Temple: D:4-7

Altars:
Cheibriados
Okawaru
Ru
Uskayaw
The Shining One

Annotations:
D:5 Pikel


Message History

You slash Pikel!
Pikel is heavily wounded.
Pikel barely misses you.
You closely miss Pikel.
Pikel is heavily wounded.
Pikel zaps a wand.
The bolt of acid hits you!
* * * LOW HITPOINT WARNING * * *
You feel much better. You block Pikel's attack.
You hit Pikel but do no damage.
Pikel is heavily wounded.
Pikel hits you with a +2 whip of flaming.
Pikel burns you.
Pikel hits you with a +2 whip of flaming.
* * * LOW HITPOINT WARNING * * *
Pikel burns you.
* * * LOW HITPOINT WARNING * * *
You closely miss Pikel.
Pikel is heavily wounded.
Pikel says, "You'll make a fine lemure."
Pikel hits you with a +2 whip of flaming.
* * * LOW HITPOINT WARNING * * *
Pikel burns you.
* * * LOW HITPOINT WARNING * * *
You feel better. Pikel barely misses you.
You miss Pikel.
Pikel is heavily wounded.
Pikel hits you with a +2 whip of flaming.
* * * LOW HITPOINT WARNING * * *
Pikel burns you.
* * * LOW HITPOINT WARNING * * *
Okay, then.
You slash Pikel!
Pikel is severely wounded.
Pikel barely misses you.
You slash Pikel!
Pikel is almost dead.
Pikel hits you with a +2 whip of flaming!
* * * LOW HITPOINT WARNING * * *
Pikel burns you.
You die...

.....######
...........#
............
.....#####.### ###.##
#...# #.# #...#### #.#
#......# #.#
#......#######. #.#
#.....)@K55o.(.
#.#######....)#######.
#.............#
#.........#.###
#.#######.#.# #.#
#.#.# # #.# #.#.# .
#.# #.#.# # #.# #.#.#


You could see Pikel, 2 lemures and an orc.

Vanquished Creatures
  A black bear (D:4)
  A lemure (D:5)
  A bullfrog (D:4)
  A necrophage (D:5)
  A scorpion (D:4)
  3 hounds
  A jelly (D:4)
  3 orc priests (D:4)
  Ijyb (D:3)
  2 orc wizards
  Natasha (D:4)
  A mummy (D:4)
  4 adders
  4 gnolls (D:3)
  A white imp (D:5)
  2 worms (D:2)
  2 dart slugs
  10 orcs
  8 bats
  10 endoplasms
  5 giant cockroaches
  8 goblins
  8 hobgoblins
  5 jackals
  5 quokkas
  6 ball pythons
  A frilled lizard (D:1)
  7 kobolds
  7 rats
110 creatures vanquished.

Notes
Turn   | Place    | Note
-------+----------+-------------------------------------------
     0 | D:1      | LabCoat the Hill Orc Fighter began the quest for the Orb.
     0 | D:1      | Reached XP level 1. HP: 19/19 MP: 1/1
    61 | D:1      | Reached XP level 2. HP: 27/27 MP: 2/2
    68 | D:1      | Found a faded altar of an unknown god.
   212 | D:1      | Reached skill level 3 in Axes
   468 | D:1      | Reached XP level 3. HP: 28/33 MP: 3/3
  1353 | D:2      | Reached skill level 4 in Axes
  1545 | D:2      | Reached XP level 4. HP: 40/40 MP: 4/4
  2051 | D:3      | Noticed Ijyb
  2064 | D:3      | Killed Ijyb
  2386 | D:3      | Reached skill level 1 in Throwing
  2386 | D:3      | Reached XP level 5. HP: 47/47 MP: 5/5
  2890 | D:4      | Found a snail-covered altar of Cheibriados.
  2968 | D:4      | Found a sacrificial altar of Ru.
  2981 | D:4      | Reached skill level 5 in Axes
  3075 | D:4      | Reached XP level 6. HP: 37/53 MP: 6/6
  3314 | D:4      | Reached skill level 6 in Axes
  3548 | D:4      | Found a glowing golden altar of the Shining One.
  3551 | D:4      | Found a hide-covered altar of Uskayaw.
  3558 | D:4      | Found an iron altar of Okawaru.
  3655 | D:4      | Reached XP level 7. HP: 59/60 MP: 7/7
  3778 | D:4      | Noticed Natasha
  3784 | D:4      | Reached skill level 7 in Axes
  3795 | D:4      | Killed Natasha
  3796 | D:4      | Reached skill level 5 in Fighting
  4544 | D:5      | Entered Level 5 of the Dungeon
  4669 | D:5      | Reached skill level 8 in Axes
  4798 | D:5      | Noticed Pikel
  4816 | D:5      | Slain by Pikel

Illustrated notes

Levels and vault maps discovered:
D:1:      kennysheep_arrival_forest, layout_basic,
          shapermc_ecumenical_altar_mp_highgroup
D:2:      layout_loops_ring
D:3:      layout_basic, uniq_ijyb
D:4:      minmay_opposing_rooms, layout_basic,
          nicolae_ru_great_annihilating_truth, slow_altar_1,
          grunt_temple_overflow_open, uniq_natasha
D:5:      layout_loops_ring, uniq_pikel, uniq_grinder

Skill      XL: |  1  2  3  4  5  6  7 |
---------------+----------------------+-----
Axes           | 3 4 5 6 8 |  8.2
Fighting       | 4 5 |  5.5
Throwing       | 1 2 |  2.0
Armour         | 4 |  4.9
Shields        | 4 |  4.0
Dodging        | |  0.8
Evocations     | |  0.5

Action                   |  1- 3 |  4- 6 |  7- 9 || total
-------------------------+-------+-------+-------++-------
Melee: War axe           |    90 |   129 |    79 ||   298
Throw: Boomerang         |    27 |    41 |     6 ||    74
       Javelin           |       |     5 |     1 ||     6
Evoke: Wand              |       |     3 |    11 ||    14
  Use: Scroll            |     3 |     9 |     1 ||    13
       Potion            |       |     1 |     7 ||     8
 Stab: Invisible         |       |     1 |       ||     1
       Paralysed         |       |     1 |       ||     1
Armor: Scale mail        |    39 |    45 |    28 ||   112
Dodge: Dodged            |    45 |    55 |    21 ||   121
Block: Buckler           |    16 |    22 |    17 ||    55
